 Dungeon Crawl Stone Soup version 0.17.0-26-gececa24 (webtiles) character file.

396 MDvedh the Chucker (level 6, -1/48 HPs)
             Began as a Demigod Hunter on Nov 19, 2015.
             Killed from afar by an orc wizard (15 damage)
             ... with a puff of flame
             ... on level 4 of the Dungeon.
             The game lasted 00:07:01 (3607 turns).

MDvedh the Chucker (Demigod Hunter)                 Turns: 3607, Time: 00:07:01

Health: -1/48      AC:  5    Str: 15    XL:     6   Next: 27%
Magic:  8/8        EV: 11    Int: 15    God:
Gold:   110        SH:  0    Dex: 20    Spells: 0 memorised, 5 levels left

rFire  . . .     SeeInvis .     r - +1 dagger (elec)
rCold  . . .     Clarity  .     h - +0 ring mail
rNeg   . . .     SustAt   +     (no shield)
rPois  .         Gourm    .     (no helmet)
rElec  .         Spirit   .     (no cloak)
rCorr  .         Warding  .     (no gloves)
rMut   .         Stasis   .     (no boots)
MR     .....                    (no amulet)
Stlth  ..........               a - ring of sustain attributes
                                i - ring of loudness (curse)

@: not resistant to hostile enchantments, extremely unstealthy
A: high mp 1, sustain attributes
a: no special abilities


You were on level 4 of the Dungeon.
You were not hungry.

You visited 1 branch of the dungeon, and saw 4 of its levels.

You collected 110 gold pieces.

Inventory:

Hand Weapons
 r - a +1 dagger of electrocution (weapon)
Missiles
 o - 58 stones (quivered)
Armour
 b - a +0 leather armour
 h - a +0 ring mail (worn)
Jewellery
 a - a ring of sustain attributes (right hand)
 i - a cursed ring of loudness (left hand)
 A - a +3 ring of dexterity {unknown}
Scrolls
 g - 3 scrolls of teleportation
 y - a scroll of enchant armour {unknown}
 z - a scroll of noise {unknown}
 B - a scroll of remove curse {unknown}
Potions
 j - 2 potions of agility
 k - 3 potions of curing
 l - a potion of invisibility {unknown}
 m - a potion of lignification {unknown}
 n - a potion of ambrosia {unknown}
 s - a potion of brilliance {unknown}
 t - 2 potions of might {unknown}
 u - 2 potions of mutation {unknown}
 w - 2 potions of haste {unknown}
 x - a potion of flight {unknown}
Comestibles
 d - 5 chunks of flesh
 e - 4 bread rations
 f - a fruit
 p - a royal jelly
 q - 3 meat rations
 v - a beef jerky


   Skills:
 - Level 1.7 Fighting
 - Level 0.1 Short Blades
 + Level 7.2 Throwing
 - Level 1.8 Dodging
 - Level 0.8 Stealth


You had 5 spell levels left.
You didn't know any spells.

Dungeon Overview and Level Annotations

Branches:
Dungeon (4/15)
 Temple: D:4-7


Innate Abilities, Weirdness & Mutations

You have an increased reservoir of magic (+10% MP).
Your attributes are resistant to harm.


Message History

You hear some strange, mumbled words.
Something tries to affect you, but you resist.
The orc closely misses you.
Unknown command.
You feel less confused.
A magic dart appears from out of thin air!
The magic dart hits you!
* * * LOW HITPOINT WARNING * * *
A puff of flame appears from out of thin air!
The puff of flame hits you!
* * * LOW HITPOINT WARNING * * *
Drink which item? (? for menu, Esc to quit)
It was a potion of curing.
You feel better.
You hear some strange, mumbled words.
You are confused.
Drink which item? (? for menu, Esc to quit)
You feel better.
A puff of flame appears from out of thin air!
The puff of flame hits you!
You die...

#....... #.#####. #.# #.
#.# #. #######.# #.
.......[## ## ######...##
############.....#
#...@......#.....#
#{#######........#
#)######.###....###
#oo......# #......#
#o....######.###.####.#
..o..........##...#####.#
.....##(## #..........#.#
.##.. #(# ####...###.#<#
#. #.# ##.## #.#


There were no monsters in sight!

Vanquished Creatures
  An ogre (D:4)
  The ghost of M4edhros the Charlatan, a weakling OpAr of Xom (D:4)
  A hound (D:4)
  2 orc priests
  An orc wizard (D:3)
  4 gnolls (D:3)
  4 adders
  3 worms
  3 giant geckos (D:4)
  12 orcs
  A ball python (D:1)
  6 giant cockroaches
  3 hobgoblins
  4 jackals (D:4)
  5 kobolds
  A quokka (D:3)
  4 bats
  2 giant newts
  9 goblins
  10 rats
  2 rat zombies (D:3)
79 creatures vanquished.

Notes
Turn   | Place    | Note
--------------------------------------------------------------
     0 | D:1      | MDvedh the Demigod Hunter began the quest for the Orb.
     0 | D:1      | Reached XP level 1. HP: 17/17 MP: 3/3
   511 | D:1      | Reached skill level 4 in Throwing
   592 | D:1      | Reached XP level 2. HP: 8/24 MP: 4/4
  1533 | D:2      | Reached XP level 3. HP: 27/29 MP: 5/5
  2059 | D:2      | Found a deep blue altar of Sif Muna.
  2125 | D:2      | Reached skill level 5 in Throwing
  2349 | D:3      | Found an opulent altar of Gozag.
  2408 | D:3      | Reached XP level 4. HP: 32/36 MP: 6/6
  2684 | D:3      | Found an ancient bone altar of Kikubaaqudgha.
  2952 | D:3      | Reached XP level 5. HP: 39/41 MP: 7/7
  2966 | D:3      | Reached skill level 6 in Throwing
  3319 | D:4      | Noticed M4edhros's ghost (weakling OpAr)
  3329 | D:4      | Killed M4edhros's ghost
  3409 | D:4      | Noticed an ogre
  3416 | D:4      | Killed an ogre
  3416 | D:4      | Reached skill level 7 in Throwing
  3416 | D:4      | Reached XP level 6. HP: 44/48 MP: 8/8
  3605 | D:4      | HP: 1/48 [something/puff of flame (6)]
  3607 | D:4      | Killed from afar by an orc wizard

Action                   |  1- 3 |  4- 6 || total
-------------------------+-------+-------++-------
Melee: Short sword       |    64 |       ||    64
       Dagger            |    95 |   115 ||   210
Throw: Stone             |     9 |       ||     9
       Throwing net      |     3 |     5 ||     8
       Javelin           |       |    12 ||    12
  Use: Scroll            |     5 |       ||     5
       Potion            |       |     2 ||     2
 Stab: Held in net/web   |     1 |       ||     1
  Eat: Chunk             |     4 |     4 ||     8
       Fruit             |     1 |       ||     1
